 Dungeon Crawl Stone Soup version 0.28-a0-1429-gf3d713df7a (webtiles) character file.

Game seed: 12890101540823362718

242 funkygono the Firebug (level 6, 0/32 HPs)
             Began as a Gargoyle Fire Elementalist on Jan 8, 2022.
             Killed by divine providence
             ... invoked by an orc priest
              (12 damage)
             ... on level 4 of the Dungeon.
             The game lasted 00:06:29 (4281 turns).

funkygono the Firebug (Gargoyle Fire Elementalist)  Turns: 4281, Time: 00:06:31

Health: 0/32       AC:  8    Str: 12    XL:     6   Next: 9%
Magic:  6/11       EV: 12    Int: 17    God:
Gold:   217        SH:  0    Dex: 16    Spells: 2/11 levels left

rFire   + . .      SeeInvis .   b - +0 mace
rCold   + + .      Faith    .   (no shield)
rNeg    + . .      Spirit   .   a - +0 robe
rPois   ∞          Reflect  .   m - +0 helmet
rElec   +          Harm     .   g - scarf {rC+ rF+}
rCorr   .          Rampage  .   (no gloves)
Will    .....                   c - +0 pair of boots
Stlth   ++........              (no amulet)
HPRegen 0.10/turn               f - ring of protection from cold
MPRegen 0.12/turn               j - +6 ring of dexterity

@: no status effects
A: sickness immunity, AC +4, negative energy resistance 1, electricity
resistance, torment resistance 1, petrification resistance
a: no special abilities


You were on level 4 of the Dungeon.
You visited 1 branch of the dungeon, and saw 4 of its levels.

You collected 217 gold pieces.

Inventory:

Hand Weapons
 b - a +0 mace (weapon)
Missiles
 d - a throwing net
 e - 71 stones
Armour
 a - a +0 robe (worn)
 c - a +0 pair of boots (worn)
 g - a scarf of resistance (worn)
 m - a +0 helmet (worn)
 o - a +0 ring mail
 p - a +0 leather armour
Jewellery
 f - a ring of protection from cold (left hand)
 j - a +6 ring of dexterity (right hand)
 l - a ring of protection from cold
Scrolls
 h - a scroll of enchant weapon {unknown}
 s - 2 scrolls of identify
 w - a scroll of amnesia {unknown}
Potions
 i - a potion of brilliance
 k - a potion of lignification {unknown}
 n - 2 potions of attraction
 q - a potion of cancellation {unknown}
 r - a potion of ambrosia {unknown}
 t - a potion of berserk rage {unknown}
 u - 3 potions of heal wounds {unknown}
 v - a potion of curing {unknown}


   Skills:
 + Level 0.1 Fighting
 + Level 0.9 Maces & Flails
 + Level 1.5 Dodging
 - Level 2.1 Stealth
 * Level 3.3 Spellcasting
 * Level 3.3 Conjurations
 * Level 4.6 Fire Magic
 * Level 1.0 Earth Magic


You had 2 spell levels left.
You knew the following spells:

 Your Spells              Type           Power      Damage    Failure   Level
a - Foxfire               Conj/Fire      64%        2x1d7     3%          1
b - Scorch                Fire           36%        2d6       3%          2
c - Conjure Flame         Conj/Fire      16%        6-21      10%         3
d - Stone Arrow           Conj/Erth      20%        3d8       21%         3

Your spell library contained the following spells:

 Spells                   Type           Power      Damage    Failure   Level
 Sandblast                Erth           12%        2d6       11%         1
 Passwall                 Tmut/Erth      3%         N/A       21%         2
 Inner Flame              Hex/Fire       10%        N/A       21%         3
 Flame Wave               Conj/Fire      16%        2d5       32%         4
 Portal Projectile        Hex/Tloc       4%         N/A       45%         3
 Blade Hands              Tmut           1%         N/A       99%         5
 Excruciating Wounds      Necr           1%         N/A       99%         5


Dungeon Overview and Level Annotations

Branches:
Dungeon (4/15)
 Temple: D:4-7

Altars:
Nemelex Xobeh
Zin

Shops:
D:4 *


Innate Abilities, Weirdness & Mutations

You are immune to sickness and miasma.
Your stone body is resilient. (AC +4)
You are immune to poison.
You resist negative energy. (rN+)
You are resistant to electric shocks. (rElec)
You are resistant to unholy torment.
You are immune to petrification.


Message History

Unknown command.
Your foxfire dissipates!
Your foxfire dissipates!
Magic restored.
u - 3 brown potions (gained 1)
You see here a dart slug corpse.
w - a scroll labelled POCRA KAFIATH
Found a stone staircase leading down.
You open the door. 2 orcs and 3 orc priests come into view.
An orc priest is wielding a +0 trident of freezing.
Casting: Foxfire (safe; 3% risk of failure)
Confirm with . or Enter, or press ? or * to list all spells.
The spell is quite dangerous to miscast (10% risk of failure)!
Continue anyway? [Y]es or [N]o only, please.
The spell is quite dangerous to miscast (10% risk of failure)!
Continue anyway?
Okay, then.
Casting: Conjure Flame (quite dangerous; 10% risk of failure)
Confirm with . or Enter, or press ? or * to list all spells.
The spell is quite dangerous to miscast (10% risk of failure)!
Continue anyway?
The fire begins to smoulder!
The orc priest shouts! x2
The orc throws a boomerang.
The boomerang barely misses you.
The fire ignites!
The orc priest mumbles some strange prayers to Beogh against you.
Beogh smites you!
The orc priest mumbles some strange prayers to Beogh against you.
Beogh smites you!
The orc priest begins to cast a cantrip, but forgets the words!
The orc throws a boomerang.
The boomerang closely misses you.
Casting: Conjure Flame (quite dangerous; 10% risk of failure)
Confirm with . or Enter, or press ? or * to list all spells.
You conjure some foxfire!
The orc priest looks encouraged for a moment.
Casting: Foxfire (safe; 3% risk of failure)
Confirm with . or Enter, or press ? or * to list all spells.
You conjure some foxfire!
The foxfire hits the orc.
The orc is almost dead.
The orc priest mumbles some strange prayers to Beogh against you.
Beogh smites you!
You die...

.#.. ##.##.# #......#####
..... #.##.# #......# #.#
#.###..#.# #......# #.#
#..>.....# ######'# #.#
######.### ... #.# #.##
o.... ##.## ###..## .....
#...#########...v§####o.....
................@§§v§ooo....
#...##.######.#v..####o.....
.......# #.##.## .....
#..##..# #. ### ....
#..##..# # ... #.###..# +#
#......# ......## #.#####


You could see 3 orc priests and 2 orcs.

Vanquished Creatures
  A centaur skeleton (D:4)
  2 iguanas
  A gnoll (D:1)
  2 adders
  A dart slug (D:4)
  6 orcs (D:3)
  6 ball pythons
  4 endoplasms
  4 giant cockroaches
  9 goblins
  9 hobgoblins
  3 jackals (D:4)
  A quokka (D:2)
  7 bats
  3 frilled lizards
  4 kobolds
  6 rats
69 creatures vanquished.

Vanquished Creatures (others)
  A water moccasin (D:4)
  200 foxfires
201 creatures vanquished.

Grand Total: 270 creatures vanquished

Notes
Turn   | Place    | Note
-------+----------+-------------------------------------------
     0 | D:1      | funkygono the Gargoyle Fire Elementalist began the quest
                  | for the Orb.
     0 | D:1      | Reached XP level 1. HP: 10/10 MP: 3/3
   164 | D:1      | Reached XP level 2. HP: 15/15 MP: 3/5
   167 | D:1      | Learned a level 2 spell: Scorch
   805 | D:1      | Reached XP level 3. HP: 19/19 MP: 1/6
   809 | D:1      | Learned a level 3 spell: Conjure Flame
  1552 | D:3      | Reached skill level 4 in Fire Magic
  1552 | D:3      | Reached XP level 4. HP: 24/24 MP: 3/8
  2212 | D:3      | Reached XP level 5. HP: 27/28 MP: 4/9
  2297 | D:3      | Found a sparkling altar of Nemelex Xobeh.
  2534 | D:4      | Learned a level 3 spell: Stone Arrow
  2660 | D:4      | Found Gint's Fire Supplies.
  3061 | D:4      | Found a glowing silver altar of Zin.
  3165 | D:4      | Noticed a water moccasin
  3169 | D:4      | Killed a water moccasin
  3170 | D:4      | Reached skill level 1 in Earth Magic
  3170 | D:4      | Reached XP level 6. HP: 16/32 MP: 5/11
  4281 | D:4      | Killed from afar by an orc priest

Illustrated notes

Levels and vault maps discovered:
D:1:      erik_arrival_blinker_ship, layout_basic
D:2:      minmay_evil_eye, layout_loops_cross, grunt_ministairs_7, uniq_jessica
D:3:      layout_basic, amcnicky_altar_gilded, minmay_cupped
D:4:      layout_loops_corners, mainiacjoe_overflow_alcove_2,
          mainiacjoe_overflow_surrounded_room, minmay_misc_feat_alley,
          nicolae_shop_fire_sale [nicolae_sub_dead_trees],
          chequers_serial_rivers_micro_c, lemuel_flame_loot_1, uniq_pikel

Skill      XL: |  1  2  3  4  5 |
---------------+----------------+-----
Fire Magic     | 4 |  4.6
Conjurations   | 2 3 |  3.3
Spellcasting   | 3 |  3.3
Earth Magic    | 1 |  1.0
Fighting       | |  0.1
Maces & Flails | |  0.9
Dodging        | |  1.5
Stealth        | |  2.1

Action                   |  1- 3 |  4- 6 || total
-------------------------+-------+-------++-------
Melee: Mace              |     7 |     6 ||    13
 Cast: Foxfire           |    54 |    68 ||   122
       Scorch            |     4 |     6 ||    10
       Conjure Flame     |       |     1 ||     1
  Use: Scroll            |       |     4 ||     4
Armor: Robe              |    12 |     4 ||    16
Dodge: Dodged            |    12 |     9 ||    21

Table legend: (Time is in decaauts)
 A = Elapsed time spent in this place.
 B = Non-inter-level travel time spent in this place.
 C = Inter-level travel time spent in this place.
 D = Time resting spent in this place.
 E = Time spent auto-exploring this place.
 F = Levels seen in this place.
 G = Mean time per level.
                   A        B        C        D        E       F      G
               +--------+--------+--------+--------+--------+-----+--------+
         Total |   4285 |   4245 |     40 |   1021 |   2642 |   4 | 1071.2 |
       Dungeon |   4285 |   4245 |     40 |   1021 |   2642 |   4 | 1071.2 |
               +--------+--------+--------+--------+--------+-----+--------+

Top non-repeatable levels by time:
     D:4: 1753 daAuts
     D:1: 870 daAuts
     D:3: 834 daAuts
     D:2: 827 daAuts
